Panthers vs Rangers
(R2)
Created - 25 octobre 2016 at 20:32
Goals
|
Panthers |
0 |
0 |
1 |
1 |
Rangers |
2 |
1 |
0 |
3 |
|
Shots
|
Panthers |
7 |
14 |
7 |
28 |
Rangers |
12 |
5 |
8 |
25 |
|
1st period
1. Rangers , Patrice Bergeron 1 (Milan Lucic) at 2:48 (PP)
2. Rangers , Mike Cammalleri 1 (Stephen Weiss) at 8:32 (SH)
Penalties :
Erik Gudbranson (Flo) for Interference (Minor) at 1:32, Patrice Bergeron (NYR) for Hooking (Minor) at 3:40, Drew Stafford (NYR) for Slashing (Minor) at 6:49, Staffan Kronwall (NYR) for Slashing (Minor) at 14:10, Drew Stafford (NYR) for Fighting (Major) at 18:36, Sidney Crosby (Flo) for Fighting (Major) at 18:36, Sidney Crosby (Flo) for instigated a fight (Minor) at 18:36, Sidney Crosby (Flo) for instigated and being the aggresor in a fight (20 Minutes Game Misconduct) at 18:36
2nd period
3. Rangers , Valtteri Filppula 1 (Mark Fistric, Stephen Weiss) at 6:33
Penalties :
Matt Read (NYR) for Roughing (Minor) at 7:50, Patrice Bergeron (NYR) for Charging (Minor) at 11:01, Matt Greene (NYR) for Tripping (Minor) at 11:12
3rd period
4. Panthers , Marian Hossa 1 (Scott Gomez, Taylor Hall) at 15:53 (PP)
Penalties :
Valtteri Filppula (NYR) for Hooking (Minor) at 8:53, Mike Cammalleri (NYR) for Tripping (Minor) at 13:03, Nathan Gerbe (NYR) for Goalie Interference (Minor) at 15:20, Steve Montador (Flo) for High sticking (Minor) at 16:28, Alexander Perezhogin (Flo) for Hooking (Minor) at 19:22
Goalie Stats
Antti Niemi (Flo), 22 saves from 25 shots - (0,880), L, 0-1-0, 60:00 minutes
Henrik Lundqvist (NYR), 27 saves from 28 shots - (0,964), W, 1-0-0, 60:00 minutes
Players Stats for Panthers
Player Name G A P +/- PIM S H SB GA TA FO MP PP MP PK MP
------------------------------------------------------------------------------------
Alexander Perezhogin 0 0 0 0 2 4 0 0 1 1 0/0 11:59 0:56 0:00
Erik Gudbranson 0 0 0 0 2 2 5 0 1 0 0/0 19:53 6:20 0:54
Jeff Tambellini 0 0 0 0 0 0 3 0 0 0 0/0 12:25 0:56 0:31
Keith Aulie 0 0 0 0 0 0 1 1 0 1 0/0 13:28 0:00 2:27
Marian Hossa 1 0 1 -1 0 3 0 0 1 0 2/3 20:32 8:06 0:00
Matt Halischuk 0 0 0 0 0 1 0 0 0 0 0/0 7:06 0:00 0:00
Matthew Spiller 0 0 0 0 0 3 2 1 0 0 0/0 21:48 6:20 3:24
Mike Fisher 0 0 0 0 0 1 2 1 0 0 1/5 13:22 3:23 0:35
Nick Schultz 0 0 0 0 0 0 0 0 0 0 0/0 9:39 0:00 0:00
Oliver Ekman-Larsson 0 0 0 -2 0 0 4 0 0 0 0/0 28:08 8:17 2:38
Peter Prucha 0 0 0 -1 0 7 1 1 0 1 1/1 16:18 5:35 1:41
Ryan Bayda 0 0 0 0 0 1 0 0 0 0 1/1 8:20 0:00 1:08
Scott Gomez 0 1 1 -1 0 2 0 0 0 1 13/22 24:37 7:22 3:39
Sergei Samsonov 0 0 0 -1 0 1 2 1 0 1 1/1 17:34 5:35 3:39
Shawn Horcoff 0 0 0 0 0 2 0 1 0 0 4/8 12:46 0:38 0:00
Sidney Crosby 0 0 0 -1 27 1 1 0 0 0 5/11 8:00 3:14 0:29
Steve Montador 0 0 0 -2 2 0 0 3 0 1 0/0 27:38 8:17 2:19
Taylor Hall 0 1 1 -1 0 0 0 0 2 0 2/3 20:32 8:06 0:00
Players Stats for Rangers
Player Name G A P +/- PIM S H SB GA TA FO MP PP MP PK MP
------------------------------------------------------------------------------------
Alexei Emelin 0 0 0 0 0 0 0 1 0 0 0/0 10:10 0:00 1:38
Cam Barker 0 0 0 2 0 0 2 4 0 0 0/0 29:27 3:43 7:47
Chris Bourque 0 0 0 1 0 1 1 0 0 0 0/0 11:58 0:00 3:27
Drew Stafford 0 0 0 0 7 1 3 0 2 0 0/0 11:55 1:56 0:00
Gustav Nyquist 0 0 0 0 0 0 0 0 0 0 0/0 8:33 0:08 0:00
Jakob Silfverberg 0 0 0 0 0 1 2 0 1 0 0/0 12:58 2:41 0:00
Mark Fistric 0 1 1 2 0 4 3 0 0 1 0/0 29:27 3:43 7:47
Matt Greene 0 0 0 0 2 0 1 1 0 1 0/0 20:23 2:08 5:11
Matt Read 0 0 0 1 2 2 0 0 1 0 0/0 11:16 1:01 0:00
Mike Cammalleri 1 0 1 1 2 1 1 2 1 0 1/1 17:31 2:41 4:24
Milan Lucic 0 1 1 0 0 2 3 0 1 0 5/14 23:12 3:02 8:10
Nathan Gerbe 0 0 0 0 2 3 1 1 0 0 0/1 8:52 0:00 0:23
Patrice Bergeron 1 0 1 0 4 5 0 0 0 0 12/25 21:06 3:02 6:02
Ryan Johansen 0 0 0 0 0 0 1 0 0 0 0/1 9:11 0:00 0:55
Ryan Suter 0 0 0 0 0 0 0 3 0 1 0/0 21:13 2:08 6:02
Staffan Kronwall 0 0 0 0 2 0 0 0 0 0 0/0 9:51 0:00 0:48
Stephen Weiss 0 2 2 1 0 3 1 0 0 2 4/7 17:08 2:41 4:05
Valtteri Filppula 1 0 1 1 2 2 0 0 0 0 3/6 9:14 0:21 0:00
3 Stars
1 - Henrik Lundqvist (NYR)
2 - Stephen Weiss (NYR)
3 - Mark Fistric (NYR)
Power Play
Panthers - 1 on 9 Attempt(s) - 11,11%
Rangers - 1 on 4 Attempt(s) - 25,00%
Penalty Kill
Panthers - 3 on 4 Attempt(s) - 75,00%
- Score 0 goal in Penalty Kill
Rangers - 8 on 9 Attempt(s) - 88,89%
- Score 1 goal in Penalty Kill
Team Stat
Panthers - Hits : 21 - Faceoff Wins : 30 - Blocked Shots : 9 - Penalty Minutes : 33
Rangers - Hits : 19 - Faceoff Wins : 25 - Blocked Shots : 12 - Penalty Minutes : 23
Official
Referees : Lee Chris and Hebert Ghislain
Linesman : Derek Amell and Pierre Champoux
Game Notes
Drew Stafford and Sidney Crosby fight to a draw at 18:36 of 1st period
Sidney Crosby ejected from game at 18:36 of 1st period
6:33 of 2nd period - Rangers goal is going for a video replay. After video review, Goal.
Finance
Level 1 -- Attendance: 4178 (69,63%) -- Ticket Income 376 020 $
Level 2 -- Attendance: 3858 (77,16%) -- Ticket Income 212 190 $
Level 3 -- Attendance: 1869 (93,45%) -- Ticket Income 56 070 $
Level 4 -- Attendance: 3859 (96,48%) -- Ticket Income 77 180 $
Luxury Box -- Attendance: 773 (77,30%) -- Ticket Income 135 275 $
Game was played at the Madison Square Garden.
Total Attendance: 14537 (80,76%)
Total Ticket Income: 856 735 $
Other Income: 128 510 $
Total Income: 985 245 $
Panthers
5 vs 5 Forward
Center Left Wing Right Wing Time % Phy DF OF
1 Sidney Crosby Taylor Hall Marian Hossa 40 0 2 3
2 Scott Gomez Sergei Samsonov Peter Prucha 30 0 2 3
3 Shawn Horcoff Jeff Tambellini Alexander Perezhogin 20 1 2 2
4 Mike Fisher Ryan Bayda Matt Halischuk 10 1 2 2
5 vs 5 Defense
Defense Defense Time % Phy DF OF
1 Steve Montador Oliver Ekman-Larsson 40 0 2 3
2 Matthew Spiller Erik Gudbranson 30 1 2 2
3 Nick Schultz Keith Aulie 20 1 2 2
4 Steve Montador Oliver Ekman-Larsson 10 1 2 2
PowerPlay Forward
Center Left Wing Right Wing Time % Phy DF OF
1 Sidney Crosby Taylor Hall Marian Hossa 60 0 1 4
2 Scott Gomez Sergei Samsonov Peter Prucha 40 0 1 4
PowerPlay Defense
Defense Defense Time % Phy DF OF
1 Steve Montador Oliver Ekman-Larsson 60 0 2 3
2 Matthew Spiller Erik Gudbranson 40 0 2 3
Penalty Kill 4 Players Forward
Center Wing Time % Phy DF OF
1 Scott Gomez Sergei Samsonov 60 1 4 0
2 Sidney Crosby Peter Prucha 40 1 4 0
Penalty Kill 4 Players Defense
Defense Defense Time % Phy DF OF
1 Steve Montador Matthew Spiller 60 1 4 0
2 Oliver Ekman-Larsson Keith Aulie 40 1 4 0
Penalty Kill - 3 Players Forward
Forward Time % Phy DF OF
1 Scott Gomez 60 1 4 0
2 Sergei Samsonov 40 1 4 0
Penalty Kill - 3 Players Defense
Defense Defense Time % Phy DF OF
1 Steve Montador Matthew Spiller 60 1 4 0
2 Oliver Ekman-Larsson Keith Aulie 40 1 4 0
4 vs 4 Forward
Center Wing Time % Phy DF OF
1 Sidney Crosby Marian Hossa 60 0 2 3
2 Scott Gomez Taylor Hall 40 0 2 3
4 vs 4 Defense
Defense Defense Time % Phy DF OF
1 Steve Montador Oliver Ekman-Larsson 60 1 2 2
2 Matthew Spiller Erik Gudbranson 40 1 2 2
Last Minutes Offensive
Center Left Wing Right Wing Defense Defense
Sidney Crosby Taylor Hall Marian Hossa Steve Montador Oliver Ekman-Larsson
Last Minutes Defensive
Center Left Wing Right Wing Defense Defense
Scott Gomez Sergei Samsonov Marian Hossa Steve Montador Matthew Spiller
Goaltenders
Starting : Antti Niemi
Backup : Jeff Deslauriers
Extra Forwards
Normal : Scott Gomez, Taylor Hall, Marian Hossa - PP : Scott Gomez, Taylor Hall - PK : Ryan Bayda
Extra Defensemen
Normal : Erik Gudbranson, Oliver Ekman-Larsson, Steve Montador - PP : Keith Aulie - PK : Oliver Ekman-Larsson, Erik Gudbranson
Penalty Shots
Sidney Crosby, Sergei Samsonov, Peter Prucha, Marian Hossa, Jeff Tambellini
Rangers
5 vs 5 Forward
Center Left Wing Right Wing Time % Phy DF OF
1 Patrice Bergeron Milan Lucic Drew Stafford 40 1 2 2
2 Stephen Weiss Mike Cammalleri Jakob Silfverberg 30 1 2 2
3 Valtteri Filppula Chris Bourque Matt Read 20 1 2 2
4 Ryan Johansen Nathan Gerbe Gustav Nyquist 10 1 2 2
5 vs 5 Defense
Defense Defense Time % Phy DF OF
1 Cam Barker Mark Fistric 40 1 2 2
2 Matt Greene Ryan Suter 30 1 2 2
3 Staffan Kronwall Alexei Emelin 20 1 2 2
4 Cam Barker Mark Fistric 10 1 2 2
PowerPlay Forward
Center Left Wing Right Wing Time % Phy DF OF
1 Patrice Bergeron Milan Lucic Drew Stafford 60 1 2 2
2 Stephen Weiss Mike Cammalleri Jakob Silfverberg 40 1 2 2
PowerPlay Defense
Defense Defense Time % Phy DF OF
1 Cam Barker Mark Fistric 60 1 2 2
2 Matt Greene Ryan Suter 40 1 2 2
Penalty Kill 4 Players Forward
Center Wing Time % Phy DF OF
1 Milan Lucic Patrice Bergeron 60 1 2 2
2 Stephen Weiss Mike Cammalleri 40 1 2 2
Penalty Kill 4 Players Defense
Defense Defense Time % Phy DF OF
1 Cam Barker Mark Fistric 60 1 2 2
2 Matt Greene Ryan Suter 40 1 2 2
Penalty Kill - 3 Players Forward
Forward Time % Phy DF OF
1 Milan Lucic 60 1 2 2
2 Patrice Bergeron 40 1 2 2
Penalty Kill - 3 Players Defense
Defense Defense Time % Phy DF OF
1 Cam Barker Mark Fistric 60 1 2 2
2 Matt Greene Ryan Suter 40 1 2 2
4 vs 4 Forward
Center Wing Time % Phy DF OF
1 Milan Lucic Patrice Bergeron 60 1 2 2
2 Stephen Weiss Mike Cammalleri 40 1 2 2
4 vs 4 Defense
Defense Defense Time % Phy DF OF
1 Cam Barker Mark Fistric 60 1 2 2
2 Matt Greene Ryan Suter 40 1 2 2
Last Minutes Offensive
Center Left Wing Right Wing Defense Defense
Patrice Bergeron Milan Lucic Drew Stafford Cam Barker Mark Fistric
Last Minutes Defensive
Center Left Wing Right Wing Defense Defense
Patrice Bergeron Milan Lucic Drew Stafford Cam Barker Mark Fistric
Goaltenders
Starting : Henrik Lundqvist
Backup : Hannu Toivonen
Extra Forwards
Normal : Matt Read, Valtteri Filppula, Chris Bourque - PP : Matt Read, Valtteri Filppula - PK : Chris Bourque
Extra Defensemen
Normal : Staffan Kronwall, Alexei Emelin, Matt Greene - PP : Staffan Kronwall - PK : Alexei Emelin, Matt Greene
Penalty Shots
Milan Lucic, Patrice Bergeron, Stephen Weiss, Mike Cammalleri, Drew Stafford
% Time on Ice - Panthers
Lines # - Real PCT - Wanted PCT - Time Play
Normal Forward
1 - 32% - 40% - 12:42
2 - 23% - 30% - 9:02
3 - 27% - 20% - 10:42
4 - 18% - 10% - 7:06
Normal Defense
1 - 43% - 40% - 17:03
2 - 32% - 30% - 12:50
3 - 24% - 20% - 9:39
4 - 0% - 10% - 0:00
PP Forward
1 - 62% - 60% - 9:02
2 - 38% - 40% - 5:35
PP Defense
1 - 57% - 60% - 8:17
2 - 43% - 40% - 6:20
PK Forward
1 - 71% - 60% - 4:10
2 - 29% - 40% - 1:41
PK Defense
1 - 74% - 60% - 4:18
2 - 26% - 40% - 1:33
PK3 Forward
1 - 0% - 60%
2 - 0% - 40%
PK3 Defense
1 - 0% - 60%
2 - 0% - 40%
44 Forward
1 - 0% - 60%
2 - 0% - 40%
44 Defense
1 - 0% - 60%
2 - 0% - 40%
Last Minute Offensive - 0:00
Last Minute Defensive - 0:00
Total
Forward - 60:00
Defense - 60:00
|
% Time on Ice - Rangers
Lines # - Real PCT - Wanted PCT - Time Play
Normal Forward
1 - 31% - 40% - 12:09
2 - 26% - 30% - 10:22
3 - 22% - 20% - 8:45
4 - 21% - 10% - 8:16
Normal Defense
1 - 44% - 40% - 17:24
2 - 34% - 30% - 13:19
3 - 22% - 20% - 8:32
4 - 1% - 10% - 0:17
PP Forward
1 - 54% - 60% - 3:10
2 - 46% - 40% - 2:41
PP Defense
1 - 64% - 60% - 3:43
2 - 36% - 40% - 2:08
PK Forward
1 - 67% - 60% - 8:39
2 - 33% - 40% - 4:10
PK Defense
1 - 58% - 60% - 7:26
2 - 42% - 40% - 5:23
PK3 Forward
1 - 54% - 60% - 0:58
2 - 46% - 40% - 0:50
PK3 Defense
1 - 56% - 60% - 1:00
2 - 44% - 40% - 0:48
44 Forward
1 - 0% - 60%
2 - 0% - 40%
44 Defense
1 - 0% - 60%
2 - 0% - 40%
Last Minute Offensive - 0:00
Last Minute Defensive - 0:00
Total
Forward - 60:00
Defense - 60:00
|
Play by Play
1st period
0:01 of 1st period - Sidney Crosby wins face-off versus Patrice Bergeron in neutral zone.
0:14 of 1st period - Slapshot by Patrice Bergeron.
0:14 of 1st period - Shot Misses the Net.
0:26 of 1st period - Scott Gomez is hit by Stephen Weiss and loses puck.
1:30 of 1st period - Snap shot by Patrice Bergeron.
1:30 of 1st period - Shot Misses the Net.
1:32 of 1st period - Minor Penalty to Erik Gudbranson for Interference.
1:33 of 1st period - Patrice Bergeron wins face-off versus Scott Gomez in Panthers zone.
1:46 of 1st period - Mark Fistric is hit by Matthew Spiller and loses puck.
2:17 of 1st period - Oliver Ekman-Larsson is hit by Mike Cammalleri and loses puck.
2:24 of 1st period - Mike Cammalleri is hit by Sidney Crosby.
2:40 of 1st period - Wrist shot by Patrice Bergeron.
2:40 of 1st period - Stopped by Antti Niemi without a rebound.
2:41 of 1st period - Patrice Bergeron wins face-off versus Scott Gomez in Panthers zone.
2:48 of 1st period - Snap shot by Patrice Bergeron.
2:48 of 1st period - Goal by Patrice Bergeron - Panthers : 0 - Rangers : 1.
2:49 of 1st period - Patrice Bergeron wins face-off versus Sidney Crosby in neutral zone.
3:15 of 1st period - Icing by Sidney Crosby.
3:16 of 1st period - Stephen Weiss wins face-off versus Sidney Crosby in Panthers zone.
3:19 of 1st period - Wrist shot by Jakob Silfverberg.
3:19 of 1st period - Shot Misses the Net.
3:21 of 1st period - Slapshot by Mark Fistric.
3:21 of 1st period - Stopped by Antti Niemi with a rebound.
3:40 of 1st period - Minor Penalty to Patrice Bergeron for Hooking.
3:41 of 1st period - Scott Gomez wins face-off versus Milan Lucic in Rangers zone.
4:13 of 1st period - Mark Fistric is hit by Erik Gudbranson and loses puck.
4:32 of 1st period - Snap shot by Mike Cammalleri.
4:32 of 1st period - Shot Misses the Net.
5:26 of 1st period - Steve Montador is hit by Milan Lucic and loses puck.
5:40 of 1st period - Penalty to Patrice Bergeron is over, Patrice Bergeron is back on ice.
5:49 of 1st period - Slapshot by Mike Cammalleri.
5:49 of 1st period - Shot Misses the Net.
5:57 of 1st period - Wrist shot by Valtteri Filppula.
5:57 of 1st period - Stopped by Antti Niemi without a rebound.
5:58 of 1st period - Patrice Bergeron wins face-off versus Mike Fisher in Panthers zone.
6:01 of 1st period - Snap shot by Milan Lucic.
6:01 of 1st period - Shot Misses the Net.
6:03 of 1st period - Wrist shot by Patrice Bergeron.
6:03 of 1st period - Shot Blocked by Mike Fisher.
6:05 of 1st period - Backhand shot by Alexei Emelin.
6:05 of 1st period - Deflect By Milan Lucic.
6:05 of 1st period - Shot Misses the Net.
6:05 of 1st period - Puck is out of play.
6:06 of 1st period - Patrice Bergeron wins face-off versus Mike Fisher in Panthers zone.
6:09 of 1st period - Wrist shot by Patrice Bergeron.
6:09 of 1st period - Stopped by Antti Niemi without a rebound.
6:10 of 1st period - Stephen Weiss wins face-off versus Scott Gomez in Panthers zone.
6:27 of 1st period - Off-side.
6:28 of 1st period - Sidney Crosby wins face-off versus Patrice Bergeron in neutral zone.
6:49 of 1st period - Minor Penalty to Drew Stafford for Slashing.
6:50 of 1st period - Sidney Crosby wins face-off versus Milan Lucic in Rangers zone.
6:55 of 1st period - Slapshot by Sidney Crosby.
6:55 of 1st period - Shot Misses the Net.
6:57 of 1st period - Slapshot by Marian Hossa.
6:57 of 1st period - Stopped by Henrik Lundqvist without a rebound.
6:58 of 1st period - Taylor Hall wins face-off versus Milan Lucic in Rangers zone.
7:23 of 1st period - Wrist shot by Peter Prucha.
7:23 of 1st period - Stopped by Henrik Lundqvist with a rebound.
8:00 of 1st period - Icing by Sergei Samsonov.
8:01 of 1st period - Peter Prucha wins face-off versus Milan Lucic in Panthers zone.
8:32 of 1st period - Snap shot by Mike Cammalleri.
8:32 of 1st period - Goal by Mike Cammalleri - Panthers : 0 - Rangers : 2.
8:33 of 1st period - Milan Lucic wins face-off versus Sidney Crosby in neutral zone.
8:42 of 1st period - Snap shot by Sidney Crosby.
8:42 of 1st period - Stopped by Henrik Lundqvist with a rebound.
8:49 of 1st period - Penalty to Drew Stafford is over, Drew Stafford is back on ice.
9:16 of 1st period - Steve Montador is hit by Chris Bourque and loses puck.
9:39 of 1st period - Jeff Tambellini is hit by Mark Fistric and loses puck.
10:18 of 1st period - Wrist shot by Stephen Weiss.
10:18 of 1st period - Shot Blocked by Keith Aulie.
10:20 of 1st period - Slapshot by Matt Greene.
10:20 of 1st period - Shot Misses the Net.
10:26 of 1st period - Slapshot by Stephen Weiss.
10:26 of 1st period - Stopped by Antti Niemi with a rebound.
11:05 of 1st period - Wrist shot by Milan Lucic.
11:05 of 1st period - Stopped by Antti Niemi without a rebound.
11:06 of 1st period - Mike Cammalleri wins face-off versus Sidney Crosby in Panthers zone.
11:53 of 1st period - Oliver Ekman-Larsson is hit by Milan Lucic and loses puck.
12:14 of 1st period - Patrice Bergeron is hit by Mike Fisher and loses puck.
12:25 of 1st period - Slapshot by Milan Lucic.
12:25 of 1st period - Shot Misses the Net.
12:27 of 1st period - Slapshot by Patrice Bergeron.
12:27 of 1st period - Deflect By Milan Lucic.
12:27 of 1st period - Shot Misses the Net.
12:27 of 1st period - Puck is out of play.
12:28 of 1st period - Sidney Crosby wins face-off versus Stephen Weiss in Panthers zone.
12:28 of 1st period - Sidney Crosby is hit by Jakob Silfverberg.
13:04 of 1st period - Wrist shot by Alexander Perezhogin.
13:04 of 1st period - Stopped by Henrik Lundqvist with a rebound.
13:06 of 1st period - Slapshot by Matthew Spiller.
13:06 of 1st period - Deflect By Mike Cammalleri.
13:06 of 1st period - Stopped by Henrik Lundqvist with a rebound.
13:16 of 1st period - Mike Cammalleri is hit by Matthew Spiller and loses puck.
13:21 of 1st period - Snap shot by Peter Prucha.
13:21 of 1st period - Stopped by Henrik Lundqvist with a rebound.
13:35 of 1st period - Alexei Emelin is hit by Mike Fisher and loses puck.
14:10 of 1st period - Minor Penalty to Staffan Kronwall for Slashing.
14:11 of 1st period - Sidney Crosby wins face-off versus Milan Lucic in Rangers zone.
14:18 of 1st period - Snap shot by Marian Hossa.
14:18 of 1st period - Shot Misses the Net.
14:42 of 1st period - Slapshot by Matthew Spiller.
14:42 of 1st period - Shot Blocked by Cam Barker.
16:00 of 1st period - Cam Barker is hit by Sergei Samsonov and loses puck.
16:10 of 1st period - Penalty to Staffan Kronwall is over, Staffan Kronwall is back on ice.
16:35 of 1st period - Snap shot by Patrice Bergeron.
16:35 of 1st period - Shot Blocked by Matthew Spiller.
16:37 of 1st period - Slapshot by Mark Fistric.
16:37 of 1st period - Stopped by Antti Niemi with a rebound.
16:39 of 1st period - Slapshot by Mark Fistric.
16:39 of 1st period - Shot Blocked by Peter Prucha.
16:41 of 1st period - Wrist shot by Patrice Bergeron.
16:41 of 1st period - Deflect By Milan Lucic.
16:41 of 1st period - Shot Misses the Net.
16:41 of 1st period - Puck is out of play.
16:42 of 1st period - Valtteri Filppula wins face-off versus Sidney Crosby in Panthers zone.
16:49 of 1st period - Wrist shot by Chris Bourque.
16:49 of 1st period - Stopped by Antti Niemi with a rebound.
17:18 of 1st period - Slapshot by Nathan Gerbe.
17:18 of 1st period - Stopped by Antti Niemi without a rebound.
17:19 of 1st period - Stephen Weiss wins face-off versus Marian Hossa in Panthers zone.
17:44 of 1st period - Valtteri Filppula is hit by Jeff Tambellini and loses puck.
17:59 of 1st period - Shawn Horcoff is hit by Nathan Gerbe and loses puck.
18:20 of 1st period - Snap shot by Alexander Perezhogin.
18:20 of 1st period - Stopped by Henrik Lundqvist without a rebound.
18:21 of 1st period - Patrice Bergeron wins face-off versus Sidney Crosby in Rangers zone.
18:36 of 1st period - Drew Stafford and Sidney Crosby fight to a draw.
18:36 of 1st period - Penalty to Drew Stafford for Fighting.
18:36 of 1st period - Penalty to Sidney Crosby for Fighting.
18:36 of 1st period - Penalty to Sidney Crosby for instigated a fight.
18:36 of 1st period - Penalty to Sidney Crosby for instigated and being the aggresor in a fight.
18:36 of 1st period - Sidney Crosby is ejected from game.
18:37 of 1st period - Patrice Bergeron wins face-off versus Scott Gomez in Panthers zone.
19:10 of 1st period - Slapshot by Cam Barker.
19:10 of 1st period - Deflect By Stephen Weiss.
19:10 of 1st period - Stopped by Antti Niemi with a rebound.
Goals for this period are 0 for Panthers vs 2 for Rangers.
Shots for this period are 7 for Panthers vs 12 for Rangers.
2nd period
0:01 of 2nd period - Scott Gomez wins face-off versus Patrice Bergeron in neutral zone.
0:36 of 2nd period - Penalty to Sidney Crosby is over, Alexander Perezhogin is send on ice.
0:51 of 2nd period - Snap shot by Oliver Ekman-Larsson.
0:51 of 2nd period - Shot Blocked by Nathan Gerbe.
1:15 of 2nd period - Milan Lucic is hit by Oliver Ekman-Larsson and loses puck.
1:34 of 2nd period - Icing by Mike Fisher.
1:35 of 2nd period - Ryan Bayda wins face-off versus Stephen Weiss in Panthers zone.
1:46 of 2nd period - Slapshot by Matt Halischuk.
1:46 of 2nd period - Shot Misses the Net.
1:48 of 2nd period - Snap shot by Ryan Bayda.
1:48 of 2nd period - Shot Blocked by Cam Barker.
1:50 of 2nd period - Slapshot by Mike Fisher.
1:50 of 2nd period - Stopped by Henrik Lundqvist with a rebound.
1:52 of 2nd period - Snap shot by Ryan Bayda.
1:52 of 2nd period - Deflect By Matt Halischuk.
1:52 of 2nd period - Shot Misses the Net.
1:52 of 2nd period - Puck is out of play.
1:53 of 2nd period - Scott Gomez wins face-off versus Patrice Bergeron in Rangers zone.
1:54 of 2nd period - Snap shot by Taylor Hall.
1:54 of 2nd period - Shot Blocked by Cam Barker.
2:24 of 2nd period - Slapshot by Mike Fisher.
2:24 of 2nd period - Shot Misses the Net.
2:26 of 2nd period - Snap shot by Mike Fisher.
2:26 of 2nd period - Shot Misses the Net.
2:35 of 2nd period - Off-side.
2:36 of 2nd period - Shawn Horcoff wins face-off versus Stephen Weiss in neutral zone.
3:11 of 2nd period - Wrist shot by Erik Gudbranson.
3:11 of 2nd period - Shot Blocked by Ryan Suter.
3:33 of 2nd period - Snap shot by Taylor Hall.
3:33 of 2nd period - Deflect By Marian Hossa.
3:33 of 2nd period - Stopped by Henrik Lundqvist without a rebound.
3:34 of 2nd period - Scott Gomez wins face-off versus Patrice Bergeron in Rangers zone.
3:37 of 2nd period - Snap shot by Scott Gomez.
3:37 of 2nd period - Shot Misses the Net.
4:01 of 2nd period - Slapshot by Taylor Hall.
4:01 of 2nd period - Shot Misses the Net.
4:30 of 2nd period - Steve Montador is hit by Mark Fistric and loses puck.
4:39 of 2nd period - Snap shot by Patrice Bergeron.
4:39 of 2nd period - Stopped by Antti Niemi with a rebound.
5:01 of 2nd period - Wrist shot by Scott Gomez.
5:01 of 2nd period - Stopped by Henrik Lundqvist with a rebound.
5:03 of 2nd period - Snap shot by Matthew Spiller.
5:03 of 2nd period - Shot Blocked by Mike Cammalleri.
6:20 of 2nd period - Cam Barker is hit by Jeff Tambellini and loses puck.
6:31 of 2nd period - Slapshot by Mark Fistric.
6:31 of 2nd period - Stopped by Antti Niemi with a rebound.
6:33 of 2nd period - Snap shot by Valtteri Filppula.
6:33 of 2nd period - Rangers goal is going for a video replay.
6:33 of 2nd period - The goal is good.
6:33 of 2nd period - Goal by Valtteri Filppula - Panthers : 0 - Rangers : 3.
6:34 of 2nd period - Scott Gomez wins face-off versus Patrice Bergeron in neutral zone.
6:37 of 2nd period - Slapshot by Matthew Spiller.
6:37 of 2nd period - Shot Misses the Net.
6:41 of 2nd period - Wrist shot by Scott Gomez.
6:41 of 2nd period - Deflect By Sergei Samsonov.
6:41 of 2nd period - Shot Misses the Net.
6:41 of 2nd period - Puck is out of play.
6:42 of 2nd period - Patrice Bergeron wins face-off versus Scott Gomez in Rangers zone.
6:42 of 2nd period - Patrice Bergeron is hit by Erik Gudbranson.
6:52 of 2nd period - Slapshot by Peter Prucha.
6:52 of 2nd period - Stopped by Henrik Lundqvist without a rebound.
6:53 of 2nd period - Patrice Bergeron wins face-off versus Taylor Hall in Rangers zone.
7:05 of 2nd period - Snap shot by Patrice Bergeron.
7:05 of 2nd period - Shot Blocked by Steve Montador.
7:07 of 2nd period - Slapshot by Ryan Suter.
7:07 of 2nd period - Shot Misses the Net.
7:31 of 2nd period - Slapshot by Ryan Suter.
7:31 of 2nd period - Shot Misses the Net.
7:33 of 2nd period - Wrist shot by Jakob Silfverberg.
7:33 of 2nd period - Stopped by Antti Niemi with a rebound.
7:50 of 2nd period - Minor Penalty to Matt Read for Roughing.
7:51 of 2nd period - Milan Lucic wins face-off versus Scott Gomez in Rangers zone.
8:02 of 2nd period - Off-side.
8:03 of 2nd period - Scott Gomez wins face-off versus Milan Lucic in neutral zone.
8:12 of 2nd period - Slapshot by Steve Montador.
8:12 of 2nd period - Shot Blocked by Ryan Suter.
8:14 of 2nd period - Wrist shot by Steve Montador.
8:14 of 2nd period - Shot Blocked by Ryan Suter.
8:16 of 2nd period - Wrist shot by Marian Hossa.
8:16 of 2nd period - Shot Misses the Net.
8:18 of 2nd period - Wrist shot by Taylor Hall.
8:18 of 2nd period - Shot Misses the Net.
9:50 of 2nd period - Penalty to Matt Read is over, Matt Read is back on ice.
10:04 of 2nd period - Snap shot by Ryan Bayda.
10:04 of 2nd period - Shot Misses the Net.
10:06 of 2nd period - Slapshot by Keith Aulie.
10:06 of 2nd period - Shot Blocked by Cam Barker.
10:08 of 2nd period - Slapshot by Keith Aulie.
10:08 of 2nd period - Shot Misses the Net.
10:30 of 2nd period - Backhand shot by Valtteri Filppula.
10:30 of 2nd period - Shot Misses the Net.
10:32 of 2nd period - Wrist shot by Chris Bourque.
10:32 of 2nd period - Shot Misses the Net.
10:34 of 2nd period - Snap shot by Matt Read.
10:34 of 2nd period - Stopped by Antti Niemi without a rebound.
10:35 of 2nd period - Shawn Horcoff wins face-off versus Valtteri Filppula in Panthers zone.
10:40 of 2nd period - Slapshot by Matthew Spiller.
10:40 of 2nd period - Stopped by Henrik Lundqvist without a rebound.
10:41 of 2nd period - Valtteri Filppula wins face-off versus Shawn Horcoff in Rangers zone.
11:01 of 2nd period - Minor Penalty to Patrice Bergeron for Charging.
11:02 of 2nd period - Milan Lucic wins face-off versus Scott Gomez in Rangers zone.
11:12 of 2nd period - Minor Penalty to Matt Greene for Tripping.
11:13 of 2nd period - Scott Gomez wins face-off versus Milan Lucic in Rangers zone.
13:01 of 2nd period - Penalty to Patrice Bergeron is over, Patrice Bergeron is back on ice.
13:12 of 2nd period - Penalty to Matt Greene is over, Matt Greene is back on ice.
13:36 of 2nd period - 10 Minutes Misconduct Penalty to Sidney Crosby is over.
14:36 of 2nd period - Erik Gudbranson is hit by Drew Stafford and loses puck.
14:47 of 2nd period - Mark Fistric is hit by Jeff Tambellini and loses puck.
15:11 of 2nd period - Slapshot by Ryan Bayda.
15:11 of 2nd period - Shot Misses the Net.
15:13 of 2nd period - Slapshot by Ryan Bayda.
15:13 of 2nd period - Stopped by Henrik Lundqvist without a rebound.
15:14 of 2nd period - Stephen Weiss wins face-off versus Mike Fisher in Rangers zone.
15:21 of 2nd period - Snap shot by Stephen Weiss.
15:21 of 2nd period - Shot Blocked by Steve Montador.
15:46 of 2nd period - Drew Stafford is hit by Erik Gudbranson and loses puck.
16:05 of 2nd period - Off-side.
16:06 of 2nd period - Shawn Horcoff wins face-off versus Valtteri Filppula in neutral zone.
16:27 of 2nd period - Snap shot by Alexander Perezhogin.
16:27 of 2nd period - Stopped by Henrik Lundqvist with a rebound.
16:29 of 2nd period - Snap shot by Shawn Horcoff.
16:29 of 2nd period - Stopped by Henrik Lundqvist without a rebound.
16:30 of 2nd period - Scott Gomez wins face-off versus Patrice Bergeron in Rangers zone.
17:38 of 2nd period - Wrist shot by Gustav Nyquist.
17:38 of 2nd period - Deflect By Scott Gomez.
17:38 of 2nd period - Shot Misses the Net.
17:38 of 2nd period - Puck is out of play.
17:39 of 2nd period - Sergei Samsonov wins face-off versus Ryan Johansen in Panthers zone.
17:52 of 2nd period - Gustav Nyquist is hit by Sergei Samsonov and loses puck.
18:03 of 2nd period - Cam Barker is hit by Oliver Ekman-Larsson and loses puck.
18:10 of 2nd period - Snap shot by Scott Gomez.
18:10 of 2nd period - Deflect By Sergei Samsonov.
18:10 of 2nd period - Stopped by Henrik Lundqvist with a rebound.
18:12 of 2nd period - Wrist shot by Erik Gudbranson.
18:12 of 2nd period - Stopped by Henrik Lundqvist with a rebound.
18:14 of 2nd period - Slapshot by Scott Gomez.
18:14 of 2nd period - Shot Misses the Net.
18:16 of 2nd period - Snap shot by Peter Prucha.
18:16 of 2nd period - Stopped by Henrik Lundqvist with a rebound.
19:19 of 2nd period - Snap shot by Scott Gomez.
19:19 of 2nd period - Shot Misses the Net.
19:21 of 2nd period - Slapshot by Matthew Spiller.
19:21 of 2nd period - Stopped by Henrik Lundqvist with a rebound.
19:23 of 2nd period - Backhand shot by Peter Prucha.
19:23 of 2nd period - Stopped by Henrik Lundqvist with a rebound.
19:31 of 2nd period - Snap shot by Scott Gomez.
19:31 of 2nd period - Shot Misses the Net.
19:33 of 2nd period - Snap shot by Peter Prucha.
19:33 of 2nd period - Stopped by Henrik Lundqvist without a rebound.
19:34 of 2nd period - Mike Fisher wins face-off versus Patrice Bergeron in Rangers zone.
19:34 of 2nd period - Taylor Hall is hit by Drew Stafford and loses puck.
Goals for this period are 0 for Panthers vs 1 for Rangers.
Shots for this period are 14 for Panthers vs 5 for Rangers.
3rd period
0:01 of 3rd period - Scott Gomez wins face-off versus Patrice Bergeron in neutral zone.
0:58 of 3rd period - Snap shot by Taylor Hall.
0:58 of 3rd period - Shot Misses the Net.
1:00 of 3rd period - Snap shot by Oliver Ekman-Larsson.
1:00 of 3rd period - Shot Misses the Net.
1:02 of 3rd period - Wrist shot by Taylor Hall.
1:02 of 3rd period - Deflect By Marian Hossa.
1:02 of 3rd period - Shot Misses the Net.
1:02 of 3rd period - Puck is out of play.
1:03 of 3rd period - Patrice Bergeron wins face-off versus Shawn Horcoff in Rangers zone.
1:12 of 3rd period - Wrist shot by Patrice Bergeron.
1:12 of 3rd period - Shot Blocked by Shawn Horcoff.
1:14 of 3rd period - Wrist shot by Milan Lucic.
1:14 of 3rd period - Shot Misses the Net.
1:35 of 3rd period - Alexei Emelin is hit by Erik Gudbranson and loses puck.
2:12 of 3rd period - Keith Aulie is hit by Ryan Johansen and loses puck.
4:06 of 3rd period - Snap shot by Matt Halischuk.
4:06 of 3rd period - Stopped by Henrik Lundqvist with a rebound.
4:08 of 3rd period - Slapshot by Shawn Horcoff.
4:08 of 3rd period - Stopped by Henrik Lundqvist without a rebound.
4:09 of 3rd period - Marian Hossa wins face-off versus Patrice Bergeron in Rangers zone.
4:20 of 3rd period - Wrist shot by Taylor Hall.
4:20 of 3rd period - Shot Misses the Net.
4:26 of 3rd period - Snap shot by Patrice Bergeron.
4:26 of 3rd period - Shot Misses the Net.
4:55 of 3rd period - Snap shot by Scott Gomez.
4:55 of 3rd period - Stopped by Henrik Lundqvist with a rebound.
5:27 of 3rd period - Icing by Ryan Johansen.
5:28 of 3rd period - Patrice Bergeron wins face-off versus Mike Fisher in Rangers zone.
5:35 of 3rd period - Ryan Bayda is hit by Milan Lucic and loses puck.
6:21 of 3rd period - Backhand shot by Jeff Tambellini.
6:21 of 3rd period - Shot Misses the Net.
6:33 of 3rd period - Snap shot by Nathan Gerbe.
6:33 of 3rd period - Stopped by Antti Niemi with a rebound.
6:35 of 3rd period - Snap shot by Nathan Gerbe.
6:35 of 3rd period - Stopped by Antti Niemi without a rebound.
6:36 of 3rd period - Scott Gomez wins face-off versus Nathan Gerbe in Panthers zone.
7:04 of 3rd period - Snap shot by Milan Lucic.
7:04 of 3rd period - Shot Misses the Net.
7:06 of 3rd period - Slapshot by Mark Fistric.
7:06 of 3rd period - Stopped by Antti Niemi with a rebound.
7:08 of 3rd period - Slapshot by Drew Stafford.
7:08 of 3rd period - Stopped by Antti Niemi with a rebound.
8:08 of 3rd period - Wrist shot by Nathan Gerbe.
8:08 of 3rd period - Shot Misses the Net.
8:22 of 3rd period - Taylor Hall is hit by Drew Stafford and loses puck.
8:51 of 3rd period - Slapshot by Alexander Perezhogin.
8:51 of 3rd period - Stopped by Henrik Lundqvist with a rebound.
8:53 of 3rd period - Minor Penalty to Valtteri Filppula for Hooking.
8:54 of 3rd period - Taylor Hall wins face-off versus Milan Lucic in Rangers zone.
10:24 of 3rd period - Alexei Emelin is hit by Peter Prucha and loses puck.
10:53 of 3rd period - Penalty to Valtteri Filppula is over, Valtteri Filppula is back on ice.
10:58 of 3rd period - Cam Barker is hit by Oliver Ekman-Larsson and loses puck.
11:33 of 3rd period - Shawn Horcoff is hit by Jakob Silfverberg and loses puck.
11:46 of 3rd period - Sergei Samsonov is hit by Matt Greene.
12:10 of 3rd period - Slapshot by Ryan Bayda.
12:10 of 3rd period - Shot Misses the Net.
12:12 of 3rd period - Slapshot by Matthew Spiller.
12:12 of 3rd period - Shot Blocked by Alexei Emelin.
12:24 of 3rd period - Icing by Erik Gudbranson.
12:25 of 3rd period - Scott Gomez wins face-off versus Patrice Bergeron in Panthers zone.
12:32 of 3rd period - Wrist shot by Patrice Bergeron.
12:32 of 3rd period - Stopped by Antti Niemi with a rebound.
12:34 of 3rd period - Slapshot by Ryan Suter.
12:34 of 3rd period - Shot Blocked by Steve Montador.
13:03 of 3rd period - Minor Penalty to Mike Cammalleri for Tripping.
13:04 of 3rd period - Marian Hossa wins face-off versus Milan Lucic in Rangers zone.
14:48 of 3rd period - Icing by Oliver Ekman-Larsson.
14:49 of 3rd period - Milan Lucic wins face-off versus Shawn Horcoff in Panthers zone.
14:58 of 3rd period - Mark Fistric is hit by Oliver Ekman-Larsson and loses puck.
15:03 of 3rd period - Penalty to Mike Cammalleri is over, Mike Cammalleri is back on ice.
15:20 of 3rd period - Minor Penalty to Nathan Gerbe for Goalie Interference.
15:21 of 3rd period - Milan Lucic wins face-off versus Scott Gomez in Rangers zone.
15:44 of 3rd period - Marian Hossa is hit by Cam Barker and loses puck.
15:53 of 3rd period - Wrist shot by Marian Hossa.
15:53 of 3rd period - Goal by Marian Hossa - Panthers : 1 - Rangers : 3.
15:54 of 3rd period - Valtteri Filppula wins face-off versus Shawn Horcoff in neutral zone.
16:07 of 3rd period - Slapshot by Matt Read.
16:07 of 3rd period - Stopped by Antti Niemi without a rebound.
16:08 of 3rd period - Patrice Bergeron wins face-off versus Scott Gomez in Panthers zone.
16:17 of 3rd period - Wrist shot by Milan Lucic.
16:17 of 3rd period - Shot Misses the Net.
16:19 of 3rd period - Snap shot by Milan Lucic.
16:19 of 3rd period - Shot Misses the Net.
16:21 of 3rd period - Wrist shot by Patrice Bergeron.
16:21 of 3rd period - Deflect By Milan Lucic.
16:21 of 3rd period - Stopped by Antti Niemi with a rebound.
16:28 of 3rd period - Minor Penalty to Steve Montador for High sticking.
16:29 of 3rd period - Scott Gomez wins face-off versus Patrice Bergeron in Panthers zone.
16:55 of 3rd period - Oliver Ekman-Larsson is hit by Cam Barker and loses puck.
17:06 of 3rd period - Snap shot by Stephen Weiss.
17:06 of 3rd period - Stopped by Antti Niemi with a rebound.
17:08 of 3rd period - Slapshot by Ryan Suter.
17:08 of 3rd period - Shot Blocked by Sergei Samsonov.
17:44 of 3rd period - Stephen Weiss is hit by Erik Gudbranson.
18:23 of 3rd period - Matt Greene is hit by Keith Aulie and loses puck.
18:28 of 3rd period - Penalty to Steve Montador is over, Steve Montador is back on ice.
18:45 of 3rd period - Slapshot by Steve Montador.
18:45 of 3rd period - Shot Blocked by Mike Cammalleri.
18:47 of 3rd period - Snap shot by Erik Gudbranson.
18:47 of 3rd period - Stopped by Henrik Lundqvist with a rebound.
18:53 of 3rd period - Snap shot by Peter Prucha.
18:53 of 3rd period - Stopped by Henrik Lundqvist with a rebound.
18:55 of 3rd period - Slapshot by Erik Gudbranson.
18:55 of 3rd period - Shot Blocked by Matt Greene.
19:01 of 3rd period - Snap shot by Peter Prucha.
19:01 of 3rd period - Shot Misses the Net.
19:03 of 3rd period - Snap shot by Erik Gudbranson.
19:03 of 3rd period - Deflect By Peter Prucha.
19:03 of 3rd period - Shot Misses the Net.
19:03 of 3rd period - Puck is out of play.
19:04 of 3rd period - Shawn Horcoff wins face-off versus Valtteri Filppula in Rangers zone.
19:22 of 3rd period - Minor Penalty to Alexander Perezhogin for Hooking.
19:23 of 3rd period - Scott Gomez wins face-off versus Patrice Bergeron in Panthers zone.
19:23 of 3rd period - Scott Gomez is hit by Mark Fistric.
19:40 of 3rd period - Wrist shot by Milan Lucic.
19:40 of 3rd period - Shot Misses the Net.
Goals for this period are 1 for Panthers vs 0 for Rangers.
Shots for this period are 7 for Panthers vs 8 for Rangers.
Back to the Top